 Dungeon Crawl Stone Soup version 0.25.0-1-g7eea58d (webtiles) character file.

Game seed: 5012832582214943096

100741 ItisI the Ripper (level 15, -8/73 HPs)
             Began as a Felid Monk on June 27, 2020.
             Was the Champion of Yredelemnul.
             Mangled by a spark wasp (15 damage)
             ... on level 1 of the Depths on June 28, 2020.
             The game lasted 08:23:24 (35850 turns).

ItisI the Ripper (Felid Monk)                      Turns: 35850, Time: 08:23:28

Health: -8/73      AC:  3    Str: 12    XL:     15   Next: 81%
Magic:  24/24      EV: 38    Int: 11    God:    Yredelemnul [******]
Gold:   142        SH:  0    Dex: 31    Spells: 14/14 levels left
                                        Lives:  0   Deaths: 3

rFire    + . .     SeeInvis +     - Unarmed
rCold    + . .     Gourm    .   (shield unavailable)
rNeg     . . .     Faith    .   (armour unavailable)
rPois    .         Spirit   .   (helmet unavailable)
rElec    .         Reflect  .   (cloak unavailable)
rCorr    .         Harm     .   (gloves unavailable)
MR       ++...                  (boots unavailable)
Stlth    ++++++++..             S - amulet "Hottun" {rF+ Regen+}
HPRegen  0.62/turn              J - +6 ring of dexterity
MPRegen  0.19/turn              p - +6 ring of dexterity

@: studying Dodging, quick
A: very small, no armour, no weapons or thrown items, stealth, claws 1, fangs 3,
see invisible, carnivore, clumsy 1, speed 1, shaggy fur 3, slow metabolism 1,
sharp paws
a: Recall Undead Slaves, Injury Mirror, Animate Dead, Drain Life, Enslave Soul,
Renounce Religion


You were on level 1 of the Depths.
You worshipped Yredelemnul.
Yredelemnul was exalted by your worship.
You were completely stuffed.

You visited 7 branches of the dungeon, and saw 31 of its levels.

You collected 2925 gold pieces.
You spent 2783 gold pieces at shops.

Inventory:

Jewellery
 c - an uncursed ring of stealth
 g - an uncursed amulet of guardian spirit
 h - an uncursed ring of ice
 o - an uncursed ring of poison resistance
 p - a +6 ring of dexterity (right paw)
 v - an uncursed amulet of magic regeneration
 z - an uncursed amulet of regeneration
 D - an uncursed ring of flight
 J - a +6 ring of dexterity (left paw)
 O - an uncursed amulet of reflection
 S - the amulet "Hottun" (around neck) {rF+ Regen+}
   (You bought it in a shop on level 1 of the Depths)

   [amulet of regeneration]

   It protects you from fire.
   It increases your rate of regeneration.
 U - a +4 ring of protection
Wands
 d - a wand of paralysis (2)
 w - a wand of polymorph (12)
 B - a wand of clouds (5)
 E - a wand of digging (2)
 H - a wand of acid (3)
 L - a wand of iceblast (6)
 M - a wand of flame (1)
Scrolls
 m - 9 scrolls of magic mapping
 n - 5 scrolls of teleportation
 t - 9 scrolls of remove curse
 y - 3 scrolls of amnesia
 C - 9 scrolls of identify
 I - 2 scrolls of blinking
 P - a scroll of summoning
 Q - 3 scrolls of silence
Potions
 b - a potion of might
 e - 3 potions of flight
 i - 2 potions of haste
 j - a potion of ambrosia
 k - 3 potions of lignification
 l - 2 potions of stabbing
 r - 2 potions of brilliance
 s - 3 potions of cancellation
 u - 5 potions of mutation
 x - 2 potions of berserk rage
 A - a potion of magic
 N - 2 potions of resistance
 R - 2 potions of curing
Books
 f - a manual of Dodging
Miscellaneous
 q - a phial of floods
 G - a phial of floods
 K - a phial of floods
Comestibles
 a - 34 rations


   Skills:
 * Level 12.7 Fighting
 * Level 17.0 Dodging
 + Level 17.5 Stealth
 + Level 19.4 Unarmed Combat
 + Level 10.8 Invocations
 + Level 3.6 Evocations


You had 14 spell levels left.
You didn't know any spells.
Your spell library contained the following spells:

 Spells                   Type           Power        Failure   Level  Hunger
 Animate Skeleton         Necr           N/A          34%         1    ##.....
 Magic Dart               Conj           #...         34%         1    ##.....
 Pain                     Necr           #...         34%         1    ##.....
 Summon Small Mammal      Summ           #...         34%         1    ##.....
 Blink                    Tloc           N/A          47%         2    ###....
 Call Imp                 Summ           #.......     47%         2    ###....
 Slow                     Hex            #.......     47%         2    ###....
 Call Canine Familiar     Summ           #.......     71%         3    ####...
 Conjure Flame            Conj/Fire      #.......     71%         3    ####...
 Mephitic Cloud           Conj/Pois/Air  #.......     71%         3    ####...
 Recall                   Summ/Tloc      N/A          71%         3    ####...
 Summon Guardian Golem    Hex/Summ       #.......     71%         3    ####...
 Vampiric Draining        Necr           #.........   71%         3    ####...
 Animate Dead             Necr           N/A          98%         4    #####..
 Ice Form                 Ice/Tmut       #.......     98%         4    #####..
 Summon Ice Beast         Ice/Summ       #.......     98%         4    #####..
 Summon Lightning Spire   Summ/Air       #.......     98%         4    #####..
 Agony                    Necr           #.......     100%        5    ######.
 Shadow Creatures         Summ           N/A          100%        6    #######


Dungeon Overview and Level Annotations

Branches:
Dungeon (15/15)            Temple (0/1) D:5            Lair (6/6) D:11
 Shoals (0/4) Lair:3        Snake (4/4) Lair:4        Slime (2/5) Lair:5
    Orc (2/2) D:9             Elf (1/3) Orc:2        Vaults (0/5) D:13
 Depths (1/5) D:15

Altars:
Ashenzari
Hepliaklqana
Kikubaaqudgha
Nemelex Xobeh
Okawaru
Qazlal
Sif Muna
Trog
Vehumet
Wu Jian
Xom
Yredelemnul
The Shining One
Beogh
Jiyva

Shops:
D:5 ?   D:11 [   D:12 (   Orc:2 ![!(*   Snake:1 !   Depths:1 =}}

Portals:
Hell: Depths:1

Annotations:
Lair:2 exclusion: 3 oklob plants


Innate Abilities, Weirdness & Mutations

You cannot wear armour.
You are incapable of wielding weapons or throwing items.
Your paws allow you to move quietly. (Stealth)
You have sharp claws.
You have razor-sharp teeth.
You have supernaturally acute eyesight. (SInv)
You are carnivorous and can eat meat at any time.
You cover ground quickly.
Your thick and shaggy fur keeps you warm. (AC +3, rC+)
You have a slow metabolism.
Your sharp claws are effective at attacking unaware monsters.
You are clumsy. (Dex -2)


Message History

Yredelemnul accepts your kill.
Things that are here:
a +1 arbalest of flaming; 20 bolts; a yaktaur corpse You call on the dead to rise...
The dead are walking!
You feel somewhat less full.
You swap places.
Found a gateway to Hell.
There is an open door here.
You swap places.
You swap places.
There is an open door here.
You open the door.
A spark wasp comes into view.
A spark wasp comes into view.
The spark wasp stings you!! The spark wasp shocks you!
The spark wasp stings you!!
* * * LOW HITPOINT WARNING * * *
The spark wasp shocks you!
You die...
Your body rises from the dead as a mindless zombie.

♣.≈#.. # #≈.♣
♣.≈#.. .. #≈.♣
♣.≈#.. ... #≈.♣
♣.≈# ... #≈.♣ ..≈#
... #≈.♣♣♣♣♣♣♣♣≈#
.. #≈.y...... .+
#y.≈≈≈≈≈≈≈ ≈# ..
#@######## #.
#Z........ #.#
#.######## ..
#Z### ### ### #.
#Z#≈####≈####≈###.
#Z#.≈≈≈Zn§≈≈≈.#...
#.....Z.Z.ZnZZZ...
#.....Z#'#.ZZZ..#.
##....##Z##Z...###


You could see 2 spark wasps, 2 friendly hornet zombies, a friendly spriggan
defender zombie and a friendly spriggan air mage zombie.

Vanquished Creatures
  A lich (Depths:1)
  Asterion (Snake:3)
  An acid blob (Slime:1)
  An azure jelly (Slime:1)
  2 frost giants
  A spriggan defender (Depths:1)
  2 very ugly things (Depths:1)
  2 stone giants (Depths:1)
  Nessos (Orc:2)
  Azrael (Snake:2)
  A death ooze (Slime:1)
  An ettin (Orc:2)
  An ogre mage (Depths:1)
  A yaktaur captain (Depths:1)
  An ice dragon (Depths:1)
  2 spriggan air magi (Depths:1)
  7 hydras
  4 naga warriors
  6 vault guards (D:13)
  A rakshasa (Depths:1)
  Erolcha (Orc:2)
  4 centaur warriors
  3 two-headed ogres
  2 anacondas
  3 shock serpents
  2 orc high priests
  A naga sharpshooter (Snake:2)
  A flayed ghost (Depths:1)
  10 slime creatures
  An unseen horror (shapeshifter) (D:14)
  3 unseen horrors
  A naga ritualist (Snake:4)
  Pikel (D:6)
  4 orc knights
  A shining eye (Slime:1)
  2 mana vipers
  4 orc sorcerers (Orc:2)
  A manticore (D:13)
  3 salamanders
  11 ugly things
  2 cyclopes
  2 oklob plants (D:11)
  A merfolk siren (Lair:3)
  7 elephants (Lair:6)
  A guardian serpent (Snake:2)
  14 black mambas
  4 gargoyles
  4 naga magi
  16 spiny frogs
  3 centaur skeletons
  A kobold demonologist (D:11)
  3 yaktaurs
  2 rime drakes (Lair:3)
  A spiny frog (shapeshifter) (D:11)
  A komodo dragon (Lair:2)
  2 tengu conjurers
  7 trolls
  2 merfolk (Lair:3)
  A meliai (D:14)
  3 hornets
  2 polar bears (Lair:5)
  A blink frog (shapeshifter) (Depths:1)
  13 blink frogs
  4 dream sheep (Lair:5)
  8 hippogriffs
  2 spriggans (Depths:1)
  An air elemental (Orc:2)
  2 shadows
  4 water elementals (Depths:1)
  3 wyverns
  40 yaks
  2 wraiths
  A basilisk (Lair:5)
  A fire elemental (Snake:2)
  2 hungry ghosts
  6 vampire mosquitoes
  2 swamp worms (Lair:5)
  A steam dragon (Orc:1)
  A warg (Orc:2)
  23 nagas
  4 porcupines
  12 water moccasins
  2 phantoms
  4 hell hounds (Snake:2)
  7 ice beasts
  10 orc warriors
  3 sky beasts
  3 slaves (D:7)
  2 eyes of draining
  4 black bears
  11 centaurs
  7 ogres
  4 wolves
  9 crocodiles
  A big kobold (D:11)
  A gnoll sergeant (D:5)
  19 bullfrogs
  A water moccasin zombie (D:6)
  2 scorpions (D:8)
  2 wyvern skeletons
  3 killer bees (D:13)
  10 wights
  2 howler monkeys
  4 electric eels
  5 crimson imps
  6 jellies
  3 hounds (D:4)
  13 orc priests
  Crazy Yiuf (D:3)
  4 iguanas
  Jessica (D:3)
  18 orc wizards
  2 hell rats (Lair:6)
  9 worker ants
  An ogre zombie (D:11)
  A hound skeleton (D:6)
  3 worker ant zombies
  7 adders
  12 gnolls
  A river rat (D:15)
  A shadow imp (D:9)
  3 oozes
  2 orc zombies (Orc:2)
  An adder skeleton (D:9)
  3 worms
  3 dart slugs
  5 leopard geckos
  38 orcs
  5 giant cockroaches
  12 goblins
  11 hobgoblins
  5 jackals (D:1)
  15 kobolds
  2 quokkas
  A ball python (D:4)
  A bat (D:1)
  5 frilled lizards
  8 rats
  2 plants
630 creatures vanquished.

Vanquished Creatures (collateral kills)
  the Enchantress (Depths:1)
  Roxanne (Snake:3)
  7 nagarajas
  An azure jelly (Slime:1)
  2 spriggan defenders (Depths:1)
  A stone giant (Depths:1)
  A vampire knight (Depths:1)
  An ettin (Depths:1)
  An ogre mage (Depths:1)
  3 great orbs of eyes
  6 naga warriors
  5 hydras
  5 anacondas
  A spriggan air mage (Depths:1)
  2 vault guards (D:13)
  2 two-headed ogres (Depths:1)
  Urug (Orc:1)
  A vampire mage (Depths:1)
  10 naga sharpshooters
  An orc high priest (Orc:1)
  A shock serpent (Snake:1)
  2 salamander mystics (Snake:4)
  4 naga ritualists
  An unseen horror (D:13)
  An orc knight (D:15)
  7 mana vipers
  A shining eye (Slime:1)
  3 ugly things (Depths:1)
  2 manticores
  2 cyclopes
  A merfolk siren (Lair:3)
  6 elephants
  A centaur zombie (D:15)
  An ice statue (D:11)
  3 salamanders
  5 guardian serpents
  10 black mambas
  3 gargoyles
  12 spiny frogs
  A molten gargoyle (Depths:1)
  9 naga magi
  A centaur skeleton (D:12)
  A torpor snail (Lair:5)
  3 yaktaurs
  A demonic crawler (Lair:5)
  A rime drake (Lair:2)
  3 tengu conjurers
  4 komodo dragons
  3 tyrant leeches (Lair:6)
  2 polar bears
  A troll (Orc:2)
  2 meliai (D:14)
  A hornet (Depths:1)
  16 slime creatures
  4 hippogriffs
  20 blink frogs
  A dream sheep (Lair:5)
  A spriggan (Depths:1)
  8 yaks
  2 hungry ghosts
  A water elemental (D:11)
  2 basilisks
  A warg (Orc:2)
  8 vampire mosquitoes
  An acid dragon (D:15)
  46 nagas
  2 hell hounds (Snake:2)
  2 porcupines
  6 ice beasts
  A phantom (D:5)
  7 orc warriors
  A sky beast (D:15)
  A hornet zombie (D:14)
  5 ogres
  3 wolves (Lair:6)
  4 crocodiles
  A big kobold (D:12)
  10 bullfrogs
  3 killer bees (D:13)
  A howler monkey (D:6)
  2 electric eels
  A bullfrog zombie (D:12)
  10 orc priests
  A hound (D:10)
  9 orc wizards
  A bullfrog skeleton (D:12)
  An iguana (D:14)
  4 hell rats (Lair:6)
  A worker ant (D:6)
  An adder (D:9)
  16 orcs
  A frilled lizard (D:5)
  A kobold (D:12)
  8 bushes (Lair:4)
  40 fungi
  39 plants
446 creatures vanquished.

Vanquished Creatures (others)
  2 bone dragons (Snake:4)
  A profane servitor (Snake:4)
  A ghoul (Slime:1)
  4 vampire knights
  2 skeletal warriors
  2 flayed ghosts (Slime:1)
  4 phantasmal warriors
  3 ugly thing zombies
  A deep elf mage (Elf:1)
  A centaur zombie (D:15)
  A shock serpent zombie (Snake:4)
  A black mamba (Snake:2)
  A hydra zombie (Lair:6)
  3 guardian serpent zombies
  3 slime creatures (Depths:1)
  7 black mamba zombies
  3 wraiths
  8 flying skulls
  4 vampires
  A yak (D:12)
  2 spiny frog zombies (Lair:6)
  A manticore zombie (D:12)
  An elephant zombie (Lair:6)
  A slave (D:7)
  A human (D:2)
  2 dream sheep zombies (Lair:5)
  3 blink frog zombies (Lair:6)
  A blink frog skeleton (Lair:6)
  A salamander zombie (Snake:4)
  A bullfrog (D:12)
  3 hell hound zombies (Snake:2)
  2 yak zombies
  17 naga zombies
  A wight (D:7)
  2 wolf zombies
  8 bullfrog zombies
  A bullfrog skeleton (Lair:2)
  A porcupine zombie (Lair:5)
  2 killer bee zombies (D:13)
  4 ogre zombies
  2 mummies
  3 worker ant zombies
  3 hell rat zombies (Lair:6)
  A howler monkey skeleton (D:6)
  An orc (D:15)
  2 gnoll zombies (D:9)
  A frilled lizard zombie (D:4)
  A kobold zombie (D:11)
  5 orc skeletons
  19 orc zombies
  A bush (Lair:4)
  A fungus (Lair:4)
  38 plants
186 creatures vanquished.

Grand Total: 1262 creatures vanquished

Notes
Turn   | Place    | Note
-------+----------+-------------------------------------------
     0 | D:1      | ItisI the Felid Monk began the quest for the Orb.
     0 | D:1      | Reached XP level 1. HP: 10/10 MP: 2/2
   265 | D:1      | Reached XP level 2. HP: 10/14 MP: 3/3
  1090 | D:1      | Reached XP level 3. HP: 16/17 MP: 4/4
  1685 | D:2      | Found a stormy altar of Qazlal.
  1882 | D:2      | Found a glowing golden altar of the Shining One.
  1883 | D:2      | Found a hazy altar of Hepliaklqana.
  1885 | D:2      | Found a basalt altar of Yredelemnul.
  1887 | D:2      | Found a shimmering blue altar of Sif Muna.
  1904 | D:2      | Became a worshipper of Yredelemnul the Dark
  1904 | D:2      | Reached * piety under Yredelemnul
  1904 | D:2      | Reached ** piety under Yredelemnul
  2066 | D:2      | Found an ancient bone altar of Kikubaaqudgha.
  2066 | D:2      | Noticed a human
  2070 | D:2      | Killed a human
  2080 | D:2      | Reached XP level 4. HP: 20/21 MP: 5/5
  2841 | D:3      | Noticed Jessica
  2849 | D:3      | Killed Jessica
  2849 | D:3      | Reached skill level 4 in Unarmed Combat
  3025 | D:3      | Found a runed translucent door.
  3026 | D:3      | Noticed Crazy Yiuf
  3033 | D:3      | Killed Crazy Yiuf
  3033 | D:3      | Reached XP level 5. HP: 24/24 MP: 6/6
  3428 | D:4      | Found a bloodstained altar of Trog.
  3464 | D:4      | Reached skill level 5 in Stealth
  3612 | D:4      | Noticed a phantom
  3620 | D:4      | Killed a phantom
  3620 | D:4      | Reached skill level 5 in Dodging
  3620 | D:4      | Reached skill level 1 in Invocations
  3620 | D:4      | Gained mutation: You are covered in thick fur. (AC +2)
                  | [Felid growth]
  3620 | D:4      | Reached XP level 6. HP: 17/28 MP: 3/7
  4507 | D:4      | Reached *** piety under Yredelemnul
  4507 | D:4      | Reached skill level 5 in Unarmed Combat
  4686 | D:4      | Reached XP level 7. HP: 29/31 MP: 7/9
  4804 | D:5      | Entered Level 5 of the Dungeon
  4863 | D:5      | Found an ornate altar of the Wu Jian Council.
  4894 | D:5      | Found Wygid's Magic Scroll Emporium.
  5180 | D:5      | Found a staircase to the Ecumenical Temple.
  5239 | D:5      | Found a radiant altar of Vehumet.
  5479 | D:5      | Received a gift from Yredelemnul (a wight)
  5831 | D:5      | Reached XP level 8. HP: 36/36 MP: 10/10
  6092 | D:5      | Reached skill level 6 in Unarmed Combat
  6525 | D:6      | Found an iron altar of Okawaru.
  6862 | D:6      | Reached skill level 7 in Unarmed Combat
  7061 | D:7      | Found a sparkling altar of Nemelex Xobeh.
  7131 | D:7      | Noticed Pikel
  7181 | D:7      | Noticed a hippogriff
  7184 | D:7      | Reached XP level 9. HP: 30/40 MP: 10/12
  7192 | D:6      | HP: 2/40 [yak (10)]
  7323 | D:6      | Killed Pikel
  7323 | D:6      | Reached skill level 5 in Fighting
  7323 | D:6      | Reached skill level 10 in Stealth
  7323 | D:6      | Reached skill level 8 in Unarmed Combat
  8233 | D:6      | Reached skill level 9 in Unarmed Combat
  8431 | D:7      | Received a gift from Yredelemnul (a mummy)
  8559 | D:7      | Reached **** piety under Yredelemnul
  9022 | D:8      | You fall into a shaft and drop 2 floors!
  9022 | D:10     | Entered Level 10 of the Dungeon
  9023 | D:10     | Noticed a two-headed ogre
  9023 | D:10     | Killed a two-headed ogre
  9023 | D:10     | Reached XP level 10. HP: 45/45 MP: 14/14
  9188 | D:10     | Reached skill level 10 in Unarmed Combat
  9209 | D:10     | Noticed an unseen horror
  9222 | D:10     | Reached skill level 5 in Invocations
  9227 | D:10     | Killed an unseen horror
  9439 | D:10     | Received a gift from Yredelemnul (a mummy)
 10465 | D:8      | Received a gift from Yredelemnul (a wraith)
 10629 | D:8      | Reached skill level 11 in Unarmed Combat
 11120 | D:9      | Found a staircase to the Orcish Mines.
 11576 | D:9      | Found a roughly hewn altar of Beogh.
 11589 | D:9      | Reached XP level 11. HP: 42/49 MP: 12/16
 11591 | D:9      | Received a gift from Yredelemnul (a wraith)
 11756 | Orc:1    | Entered Level 1 of the Orcish Mines
 11928 | Orc:1    | Noticed a two-headed ogre
 11939 | Orc:1    | Killed a two-headed ogre
 11939 | Orc:1    | Received a gift from Yredelemnul (5 flying skulls)
 12048 | Orc:1    | Reached ***** piety under Yredelemnul
 12339 | Orc:1    | Received a gift from Yredelemnul (a phantasmal warrior)
 12418 | Orc:1    | Noticed Urug
 12431 | Orc:1    | Killed Urug
 12435 | Orc:1    | Received a gift from Yredelemnul (a vampire)
 12629 | Orc:2    | Entered Level 2 of the Orcish Mines
 12738 | Orc:2    | Found a staircase to the Elven Halls.
 13246 | Orc:2    | Noticed a two-headed ogre
 13251 | Orc:2    | Killed a two-headed ogre
 13255 | Orc:2    | Noticed an ettin
 13282 | Orc:2    | Killed an ettin
 13499 | Orc:2    | Noticed Erolcha
 13504 | Orc:2    | Killed Erolcha
 13504 | Orc:2    | Reached skill level 12 in Unarmed Combat
 13511 | Orc:2    | Found Kenwilu's Distillery.
 13512 | Orc:2    | Noticed an orc knight
 13515 | Orc:2    | Noticed an orc knight
 13516 | Orc:2    | Found Tesiotoa's Antique Armour Boutique.
 13516 | Orc:2    | Noticed an orc high priest
 13526 | Orc:2    | Noticed an orc sorcerer
 13530 | Orc:2    | Noticed a sixfirhy
 13532 | Orc:2    | Noticed an orc high priest
 13538 | Orc:2    | Noticed an orc sorcerer
 13744 | Orc:2    | Found Uschisus's General Store.
 13826 | Orc:2    | Noticed an orc high priest
 14060 | Orc:2    | Noticed a soul eater
 14344 | Orc:1    | Killed an orc high priest
 14344 | Orc:1    | Reached skill level 10 in Dodging
 14344 | Orc:1    | Reached skill level 1 in Evocations
 14529 | Orc:2    | Noticed an orc knight
 14561 | Orc:1    | Killed an orc knight
 14749 | Orc:1    | Killed an orc high priest
 14824 | Orc:2    | Noticed Nessos
 14824 | Orc:2    | Noticed an orc knight
 14832 | Orc:2    | Killed an orc sorcerer
 14835 | Orc:2    | Killed Nessos
 14843 | Orc:2    | Received a gift from Yredelemnul (a wraith)
 14849 | Orc:2    | Noticed a sixfirhy
 14855 | Orc:2    | Killed an orc high priest
 14855 | Orc:2    | Gained mutation: Your thick and shaggy fur keeps you warm.
                  | (AC +3, rC+) [Felid growth]
 14855 | Orc:2    | Reached XP level 12. HP: 39/54 MP: 6/18
 14881 | Orc:2    | Reached skill level 13 in Unarmed Combat
 15135 | Orc:2    | Bought a potion of stabbing for 64 gold pieces
 15137 | Orc:2    | Found Yhamp's Distillery.
 15139 | Orc:2    | Found Uditut's Antique Weapon Emporium.
 15145 | Orc:2    | Bought 2 potions of heal wounds for 150 gold pieces
 15145 | Orc:2    | Bought a potion of might for 60 gold pieces
 15145 | Orc:2    | Bought a potion of berserk rage for 75 gold pieces
 15145 | Orc:2    | Bought a potion of experience for 750 gold pieces
 15146 | Orc:2    | Reached XP level 13. HP: 60/60 MP: 19/19
 15204 | Orc:2    | Bought a potion of heal wounds for 75 gold pieces
 15208 | Elf:1    | Entered Level 1 of the Elven Halls
 15229 | Orc:2    | HP: 2/60 [air elemental (5)]
 15230 | Orc:2    | Killed from afar by an air elemental
 15231 | Orc:2    | Reached XP level 12. HP: -10/57 MP: 0/18
 16414 | D:11     | Found Voevumu's Armour Emporium.
 16553 | D:11     | Found a staircase to the Lair.
 16561 | D:11     | Reached skill level 14 in Unarmed Combat
 16564 | D:11     | Noticed a seven-headed hydra
 16578 | D:11     | Killed a seven-headed hydra
 17572 | Lair:1   | Entered Level 1 of the Lair of Beasts
 17572 | Lair:1   | Noticed a five-headed hydra
 17584 | D:11     | Killed a five-headed hydra
 17602 | Lair:1   | Received a gift from Yredelemnul (a wraith)
 17852 | Lair:1   | Noticed a seven-headed hydra
 17859 | Lair:1   | Killed a seven-headed hydra
 18015 | Lair:1   | Noticed an eight-headed hydra
 18022 | Lair:1   | Killed an eight-headed hydra
 18022 | Lair:1   | Reached XP level 13. HP: 60/60 MP: 20/20
 18022 | Lair:1   | Received a gift from Yredelemnul (a flayed ghost)
 19010 | Lair:2   | Received a gift from Yredelemnul (3 flying skulls)
 20524 | Lair:3   | Reached skill level 15 in Unarmed Combat
 20814 | Lair:3   | Received a gift from Yredelemnul (a vampire knight)
 20920 | Lair:3   | Found a staircase to the Shoals.
 21786 | Lair:4   | Received a gift from Yredelemnul (a vampire knight)
 21964 | Lair:4   | Reached skill level 10 in Fighting
 22194 | Lair:4   | Found a staircase to the Snake Pit.
 22768 | Lair:5   | Received a gift from Yredelemnul (a vampire)
 22812 | Lair:5   | Found a staircase to the Slime Pits.
 22813 | Lair:5   | Found a viscous altar of Jiyva.
 24074 | Lair:5   | Identified Lampem's Disquisition on Supportive Changing
 24255 | Lair:6   | Entered Level 6 of the Lair of Beasts
 24272 | Lair:6   | Received a gift from Yredelemnul (a vampire)
 24525 | Lair:6   | Reached XP level 14. HP: 66/66 MP: 5/21
 24527 | Lair:6   | Received a gift from Yredelemnul (a ghoul)
 24613 | Lair:6   | Reached skill level 16 in Unarmed Combat
 24810 | Lair:6   | Received a gift from Yredelemnul (a bone dragon)
 25064 | Lair:6   | Received a gift from Yredelemnul (a phantasmal warrior)
 25141 | Lair:6   | Received a gift from Yredelemnul (a flayed ghost)
 26416 | Slime:1  | Entered Level 1 of the Pits of Slime
 26416 | Slime:1  | Noticed an azure jelly
 26419 | Slime:1  | Killed an azure jelly
 26438 | Slime:1  | Received a gift from Yredelemnul (a skeletal warrior)
 26473 | Slime:1  | Noticed an azure jelly
 26480 | Slime:1  | Killed an azure jelly
 26653 | Slime:1  | You fall into a shaft and drop 1 floor!
 26733 | Slime:1  | Gained mutation: You are clumsy. (Dex -2) [a shining eye]
 26740 | Slime:1  | Received a gift from Yredelemnul (a vampire knight)
 26768 | Slime:1  | Noticed an acid blob
 26776 | Slime:1  | Killed an acid blob
 26776 | Slime:1  | Reached skill level 17 in Unarmed Combat
 26858 | Slime:1  | Found a viscous altar of Jiyva.
 27452 | Snake:1  | Entered Level 1 of the Snake Pit
 27670 | Snake:1  | Found a shattered altar of Ashenzari.
 27811 | Snake:1  | Received a gift from Yredelemnul (a vampire knight)
 27834 | Snake:1  | Reached skill level 15 in Stealth
 27905 | Snake:1  | Found Putuluro's Distillery.
 28023 | Snake:1  | Reached XP level 15. HP: 62/70 MP: 22/22
 28621 | Snake:2  | Reached ****** piety under Yredelemnul
 28987 | Snake:2  | Noticed a nagaraja
 29004 | Snake:2  | Killed a nagaraja
 29017 | Snake:2  | Noticed Azrael
 29022 | Snake:2  | Killed Azrael
 29027 | Snake:2  | Received a gift from Yredelemnul (a vampire)
 29505 | Snake:2  | HP: 3/70 [poisoned by a naga ritualist (toxic radiance)]
 29510 | Snake:2  | HP: 1/70 [poisoned by a naga ritualist (toxic radiance)]
 29516 | Snake:2  | HP: 2/70 [poisoned by a naga ritualist (toxic radiance)]
 29990 | Snake:3  | Noticed a nagaraja
 30007 | Snake:2  | Killed a nagaraja
 30374 | Snake:3  | Found a shimmering altar of Xom.
 30437 | Snake:3  | Noticed Asterion
 30442 | Snake:3  | Killed Asterion
 30442 | Snake:3  | Received a gift from Yredelemnul (a vampire)
 30463 | Snake:3  | Noticed Roxanne
 30504 | Snake:3  | Killed Roxanne
 30802 | Snake:4  | Entered Level 4 of the Snake Pit
 30831 | Snake:3  | Mangled by a black mamba
 30832 | Snake:3  | Reached XP level 14. HP: -6/67 MP: 22/22
 30837 | Snake:3  | Reached skill level 18 in Unarmed Combat
 30998 | Snake:4  | Received a gift from Yredelemnul (a phantasmal warrior)
 31093 | Snake:4  | Found a shimmering blue altar of Sif Muna.
 31249 | Snake:4  | Received a gift from Yredelemnul (a bone dragon)
 31272 | Snake:4  | Killed a nagaraja
 31279 | Snake:4  | Received a gift from Yredelemnul (a profane servitor)
 31280 | Snake:4  | HP: 3/67 [poisoned by a naga ritualist (toxic radiance)]
 31286 | Snake:4  | HP: 2/67 [poisoned by a naga ritualist (toxic radiance)]
 31287 | Snake:4  | Received a gift from Yredelemnul (a phantasmal warrior)
 31289 | Snake:4  | Reached skill level 10 in Invocations
 31291 | Snake:4  | Killed a nagaraja
 31292 | Snake:4  | HP: 2/67 [poisoned by a naga ritualist (toxic radiance)]
 31300 | Snake:4  | Killed a nagaraja
 31300 | Snake:4  | Reached XP level 15. HP: 5/71 MP: 21/23
 31314 | Snake:4  | Killed a nagaraja
 31318 | Snake:4  | Killed a nagaraja
 31318 | Snake:4  | Reached skill level 15 in Dodging
 31322 | Snake:4  | Slain by a shock serpent
 31323 | Snake:4  | Reached XP level 14. HP: -2/67 MP: 22/22
 31838 | D:5      | Bought a scroll of acquirement for 728 gold pieces
 31838 | D:5      | Bought a scroll of summoning for 133 gold pieces
 32036 | D:11     | Received a gift from Yredelemnul (a profane servitor)
 32307 | D:12     | Found Elusat's Antique Weapon Emporium.
 32806 | D:13     | Found a gate to the Vaults.
 32843 | D:13     | Received a gift from Yredelemnul (a skeletal warrior)
 33680 | D:14     | Received a gift from Yredelemnul (a flayed ghost)
 33844 | D:14     | Reached skill level 19 in Unarmed Combat
 34017 | D:15     | Entered Level 15 of the Dungeon
 34412 | D:15     | Reached XP level 15. HP: 72/72 MP: 23/23
 34514 | D:15     | Found a staircase to the Depths.
 34514 | D:15     | Noticed a frost giant
 34517 | D:15     | Killed a frost giant
 35003 | Depths:1 | Entered Level 1 of the Depths
 35003 | Depths:1 | Noticed a frost giant
 35010 | Depths:1 | Killed a frost giant
 35054 | Depths:1 | Paralysed by a vampire knight for 3 turns
 35060 | Depths:1 | Received a gift from Yredelemnul (a ghoul)
 35094 | Depths:1 | Noticed a lich
 35099 | Depths:1 | Killed a lich
 35173 | Depths:1 | Found Mof Idu's Jewellery Emporium.
 35173 | Depths:1 | Found Nihoitiu's Gadget Boutique.
 35174 | Depths:1 | Found Kaottice's Gadget Boutique.
 35181 | Depths:1 | Received a gift from Yredelemnul (a flayed ghost)
 35200 | Depths:1 | Bought the amulet "Hottun" {rF+ Regen+} for 748 gold pieces
 35424 | Depths:1 | Noticed the Enchantress
 35441 | Depths:1 | Killed the Enchantress
 35831 | Depths:1 | Found a gateway to Hell.
 35850 | Depths:1 | Mangled by a spark wasp

Illustrated notes

Levels and vault maps discovered:
D:1:      wander_arrival_chamber, layout_basic
D:2:      layout_rooms, minitemple, lemuel_crystal_altar, tgw_kikubaaqudgha
D:3:      layout_basic, uniq_jessica, uniq_crazy_yiuf_cottage
D:4:      layout_basic, first_ration, minivault_27, bloody_trog
D:5:      layout_basic, old_standard_altar, nicolae_overflow_crystal_walls,
          minmay_temple_entry_gardened_gates, serial_shops, shop,
          minmay_lizard_king
D:6:      layout_basic, old_standard_altar
D:7:      layout_basic, overflow_temple_1_default, uniq_pikel
D:8:      layout_basic
D:9:      layout_irregular_city, minmay_orc_entry_temple_small
D:10:     layout_layer_cave
D:11:     minmay_twisted_water, layout_rooms, dpeg_oklobed_lair, serial_shops,
          nicolae_shop_behind_doors, uniq_erica
D:12:     layout_cave_pools, serial_shops, kennysheep_mini_moat
D:13:     layout_roguey, erik_vaults_2
D:14:     layout_loops_ring, chequers_serial_rivers_micro_c
D:15:     grunt_enter_depths_snipers, layout_cave_pools, nrook_mini_backslash,
          roderic_serpentine_path
Lair:1:   layout_cave_shapes, grunt_megastairs_3, infiniplex_staircase_pool_2,
          serial_bayou_shore_b, lemuel_fruit_tree
Lair:2:   layout_regular_city, st_stairs_4, hangedman_lair_generics_rect,
          minmay_lair_oklob_chamber, serial_bayou_shore_b
Lair:3:   layout_cave_pods, elwin_shoals_entry_stream
Lair:4:   layout_roguey, guppyfry_snake_entry_garden,
          nicolae_lair_grove_arrangements, minmay_hedge_maze, st_stairs_5,
          beast_lair_carwin_6
Lair:5:   layout_gridlike, slime_altar_1, worms_lemuel, grunt_megastairs_5
Lair:6:   minmay_lair_end_frog_pond, layout_layer_cave,
          grunt_forest_stairs_basic, grunt_megastairs_4
Snake:1:  layout_onion, basic_altar, serial_shops, shop_statue
Snake:2:  layout_misc_corridors, grunt_megastairs_2, uniq_azrael
Snake:3:  layout_misc_corridors, basic_altar, uniq_roxanne, uniq_asterion
Snake:4:  johnstein_snake_rune_scales, layout_rooms, basic_altar
Slime:1:  layout_caves, basic_altar
Slime:2:  cheibrodos_slime_lost_civilization_2, layout_caves
Orc:1:    layout_caves, uniq_urug
Orc:2:    st_orc_elflike, layout_caves, serial_shops, shop, uniq_nessos,
          uniq_erolcha
Elf:1:    minmay_elf_arrival_summoners, layout_geoelf_diagonals, basic_altar,
          kennysheep_underground_church, uniq_agnes, uniq_kirke, uniq_louise
Depths:1: layout_cave_pools, kennysheep_small_spiral, hangedman_geh_valley,
          minivault_14, st_stairs_13, hex_medium, kennysheep_generic_room_12,
          serial_bayou_shore_b, infiniplex_staircase_pool_lava,
          minmay_shop_grove, uniq_enchantress

Skill      XL: |  1  2  3  4  5  6  7  8  9 10 11 12 13 14 15 |
---------------+----------------------------------------------+-----
Stealth        | 3 4 5 6 8 9 10 11 12 13 16 17 | 17.5
Unarmed Combat | 4 5 7 9 11 12 14 15 19 | 19.4
Dodging        | 5 6 8 9 10 12 13 14 17 | 17.0
Invocations    | 1 2 3 4 5 7 8 10 | 10.8
Fighting       | 4 5 6 7 9 10 12 11 | 12.7
Evocations     | 1 3 |  3.6

Action                   |  1- 3 |  4- 6 |  7- 9 | 10-12 | 13-15 || total
-------------------------+-------+-------+-------+-------+-------++-------
Melee: Unarmed           |   115 |    77 |   248 |   472 |  1043 ||  1955
       Bite              |     9 |     4 |    30 |    73 |   185 ||   301
       Punch             |       |       |     7 |    38 |   124 ||   169
Invok: Animate Remains   |     1 |    13 |       |       |       ||    14
       Animate Dead      |       |       |    19 |    52 |   129 ||   200
       Recall Undead Sla |       |       |       |     4 |       ||     4
       Injury Mirror     |       |       |       |     1 |     4 ||     5
       Drain Life        |       |       |       |       |     4 ||     4
Evoke: Wand              |       |       |     4 |    29 |    22 ||    55
       Phial of floods   |       |       |       |       |     1 ||     1
       Phantom mirror    |       |       |       |       |     1 ||     1
  Use: Scroll            |     3 |     2 |     5 |     9 |    16 ||    35
       Potion            |       |       |       |     7 |    21 ||    28
 Stab: Distracted        |     2 |       |       |     7 |    31 ||    40
       Sleeping          |    17 |    20 |    27 |    31 |   115 ||   210
       Confused          |       |       |       |     5 |     4 ||     9
       Paralysed         |       |       |       |     1 |     3 ||     4
  Eat: Chunk             |    10 |     6 |    16 |    27 |    74 ||   133
       Ration            |       |       |       |     1 |     3 ||     4
Armor: Skin              |     3 |     1 |     8 |    11 |    19 ||    42
Dodge: Dodged            |    73 |    31 |   175 |   427 |   984 ||  1690
